 Dungeon Crawl Stone Soup version 0.25.1-2-g60ff931df9 (webtiles) character file.

Game seed: 8274693905315941433

651 OdinFK the Gusty (level 7, -3/56 HPs)
             Began as a Black Draconian Air Elementalist on Oct 31, 2020.
             Slain by Blork the orc
             ... wielding a +0 battleaxe
              (9 damage)
             ... on level 3 of the Dungeon.
             The game lasted 00:26:48 (3638 turns).

OdinFK the Gusty (Black Draconian Air Elementalist) Turns: 3638, Time: 00:26:48

Health: -3/56      AC:  7    Str: 10    XL:     7   Next: 28%
Magic:  6/13       EV: 12    Int: 17    God:
Gold:   217        SH:  0    Dex: 12    Spells: 4/14 levels left

rFire    . . .     SeeInvis .   g - +0 dagger (speed)
rCold    . . .     Gourm    .   (no shield)
rNeg     . . .     Faith    .   (armour unavailable)
rPois    .         Spirit   .   t - +0 hat
rElec    +         Reflect  .   (no cloak)
rCorr    .         Harm     .   (no gloves)
MR       .....                  w - +0 pair of boots
Stlth    ++........             m - amulet of regeneration
HPRegen  0.58/turn              (no ring)
MPRegen  0.13/turn              (no ring)

@: no status effects
A: breathe lightning, unfitting armour, electricity resistance, cold-blooded, AC
+6
a: Breathe Lightning


You were on level 3 of the Dungeon.
You were very hungry.

You visited 1 branch of the dungeon, and saw 4 of its levels.

You collected 217 gold pieces.

Inventory:

Hand Weapons
 g - a +0 dagger of speed (weapon)
Missiles
 s - 20 poisoned darts (quivered)
 z - 3 boomerangs
Armour
 t - a +0 hat (worn)
 w - a +0 pair of boots (worn)
Jewellery
 h - an uncursed ring of poison resistance {unknown}
 l - an uncursed ring of protection from magic {unknown}
 m - an amulet of regeneration (around neck)
Scrolls
 a - 2 scrolls of amnesia {unknown}
 d - a scroll of noise {unknown}
 e - 2 scrolls of magic mapping {unknown}
 j - a scroll of teleportation {unknown}
 k - 2 scrolls of remove curse {unknown}
 p - a scroll of enchant weapon {unknown}
 q - 4 scrolls of identify {unknown}
 u - a scroll of fog {unknown}
 x - a scroll of fear {unknown}
 y - a scroll of blinking {unknown}
Potions
 c - a potion of resistance {unknown}
 f - 2 potions of flight {unknown}
 i - a potion of mutation {unknown}
 n - 3 potions of stabbing {unknown}
 o - 2 potions of curing {unknown}
 r - a potion of haste {unknown}
 v - a potion of brilliance {unknown}
Comestibles
 b - 9 rations


   Skills:
 + Level 2.4 Fighting
 - Level 1.0 Throwing
 - Level 2.5 Dodging
 - Level 1.7 Stealth
 + Level 4.1 Spellcasting
 + Level 2.3 Conjurations
 + Level 7.3 Air Magic


You had 4 spell levels left.
You knew the following spells:

 Your Spells              Type           Power        Failure   Level  Hunger
a - Shock                 Conj/Air       ###.         2%          1    None
b - Swiftness             Chrm/Air       ###.....     5%          2    ##.....
c - Static Discharge      Conj/Air       ###.....     6%          3    ###....
d - Airstrike             Air            ####......   8%          4    ####...

Your spell library contained the following spells:

 Spells                   Type           Power        Failure   Level  Hunger
 Lightning Bolt           Conj/Air       ###.......   52%         5    ######.


Dungeon Overview and Level Annotations

Branches:
Dungeon (4/15)
 Temple: D:4-7

Altars:
Ashenzari
Cheibriados
Gozag

Annotations:
D:3 1 runed translucent door, Blork the orc, Crazy Yiuf
D:4 Menkaure


Innate Abilities, Weirdness & Mutations

You can breathe wild blasts of lightning.
Your glossy black scales are hard. (AC +6)
You cannot fit into any form of body armour.
You are resistant to electric shocks. (rElec)
You are cold-blooded and may be slowed by cold attacks.


Message History

There is a stone staircase leading down here.
Deactivating autopickup; reactivate with Ctrl-A.
You completely miss something. Something hits you!
* * * LOW HITPOINT WARNING * * *
A magic dart appears from out of thin air!
The magic dart hits you.
* * * LOW HITPOINT WARNING * * *
Something barely misses you. Something hits you!
* * * LOW HITPOINT WARNING * * *
There is a stone staircase leading down here.
Okay, then.
Your magical contamination has completely faded away.
Something hits you but does no damage.
A magic dart appears from out of thin air!
The magic dart hits you.
* * * LOW HITPOINT WARNING * * *
You see here a +0 flail.
Something hits you!
You die...

.............##...###.#
### #
############.###.## #.#
#). # #.# #.# #.# #.g #
###.# #.# #.# .. #
##########)..# #.# #.#
#+ # #............# #.#
#.# .♣♣ #
..########...# #.# ###
♣.♣ ### ##..# #.# ♣.♣♣
#..###@# ♣♣.♣ #..>.#{#
♣♣.♣♣ #....#.# ♣♣...♣
#....#.# ♣....♣
#.>..#.# #....#
#.#.##.##########..##
#.#.##....)........#
#.#.##..####.####.#####
#.#..>....)..)÷.(.(..(.


There were no monsters in sight!

Vanquished Creatures
  2 phantoms (D:4)
  2 ogres (D:4)
  Jessica (D:3)
  3 worker ants
  5 adders
  4 gnolls (D:3)
  A worm (D:1)
  7 dart slugs
  A leopard gecko (D:2)
  2 orcs
  4 giant cockroaches
  12 goblins
  11 hobgoblins
  18 jackals
  A quokka (D:3)
  3 ball pythons (D:3)
  11 bats
  3 frilled lizards (D:1)
  9 kobolds
  A leopard gecko skeleton (D:4)
  11 rats
112 creatures vanquished.

Notes
Turn   | Place    | Note
-------+----------+-------------------------------------------
     0 | D:1      | OdinFK the Draconian Air Elementalist began the quest for
                  | the Orb.
     0 | D:1      | Reached XP level 1. HP: 14/14 MP: 3/3
   216 | D:1      | Reached XP level 2. HP: 9/22 MP: 0/5
   511 | D:1      | Reached skill level 1 in Fighting
   644 | D:1      | Reached XP level 3. HP: 26/28 MP: 3/6
   648 | D:1      | Learned a level 2 spell: Swiftness
   652 | D:1      | Learned a level 3 spell: Static Discharge
   864 | D:2      | Found a snail-covered altar of Cheibriados.
  1389 | D:2      | Reached XP level 4. HP: 35/35 MP: 1/8
  1529 | D:2      | Reached skill level 4 in Air Magic
  1871 | D:3      | Noticed Jessica
  1988 | D:3      | Killed Jessica
  1988 | D:3      | Reached skill level 1 in Throwing
  2031 | D:3      | Reached XP level 5. HP: 39/40 MP: 3/9
  2462 | D:3      | Reached skill level 5 in Air Magic
  2656 | D:3      | Reached XP level 6. HP: 48/48 MP: 2/10
  2722 | D:3      | Found a runed translucent door.
  2723 | D:3      | Noticed Crazy Yiuf
  2900 | D:4      | Learned a level 4 spell: Airstrike
  2950 | D:4      | Found an opulent altar of Gozag.
  3185 | D:4      | Noticed Menkaure
  3364 | D:4      | Your scales start taking on a glossy black colour.
  3364 | D:4      | Reached skill level 7 in Air Magic
  3364 | D:4      | Reached XP level 7. HP: 55/55 MP: 2/13
  3364 | D:4      | Gained mutation: You are resistant to electric shocks.
                  | (rElec) [Black Draconian growth]
  3510 | D:4      | Found a shattered altar of Ashenzari.
  3572 | D:4      | Noticed Blork the orc
  3638 | D:3      | Slain by Blork the orc

Illustrated notes

Levels and vault maps discovered:
D:1:      nicolae_arrival_washed_ashore, layout_rooms
D:2:      layout_rooms, kennysheep_slug_shrine, patterned_corridor
D:3:      layout_loops_ring, uniq_crazy_yiuf_cottage, uniq_jessica, uniq_robin
D:4:      layout_loops_ring, overflow_temple_1_default,
          nicolae_gozag_cash_rules_everything_around_me, uniq_menkaure,
          uniq_blork_the_orc, uniq_grinder

Skill      XL: |  1  2  3  4  5  6 |
---------------+-------------------+-----
Dodging        | 2 |  2.5
Fighting       | 1 2 |  2.4
Spellcasting   | 3 4 |  4.1
Air Magic      | 4 5 7 |  7.3
Throwing       | 1 |  1.0
Conjurations   | 2 |  2.3
Stealth        | |  1.7

Action                   |  1- 3 |  4- 6 |  7- 9 || total
-------------------------+-------+-------+-------++-------
Melee: Whip              |    37 |       |       ||    37
       Tailslap          |     8 |    13 |     1 ||    22
       Dagger            |    92 |   102 |     8 ||   202
Throw: Dart              |       |    30 |     9 ||    39
 Cast: Shock             |    60 |    80 |     4 ||   144
       Static Discharge  |     1 |     2 |     2 ||     5
       Swiftness         |       |     2 |       ||     2
       Airstrike         |       |     1 |     3 ||     4
 Stab: Distracted        |       |     1 |       ||     1
       Sleeping          |       |     4 |     1 ||     5
  Eat: Chunk             |     3 |     6 |     1 ||    10
Armor: Skin              |    72 |    48 |     2 ||   122
Dodge: Dodged            |   138 |    72 |    12 ||   222
